Workbook
Name Text156: 'i. Cost Match'!#REF!
Name Text157: 'i. Cost Match'!#REF!
Name Text158: 'i. Cost Match'!#REF!

Sheet Instructions and Summary
B1: Instructions and Summary
A3: Award Number: | C3: Date of Submission:
A4: Award Recipient: | C4: Form submitted by:
F5: (May be award recipient or sub-recipient)
A6: Please read the instructions on each worksheet tab before starting. If you have any questions, please ask your DOE contact!
A7: 1. Fill out the blank white cells in workbook tabs a. through i. with total project costs. Reference the instructions on each tab. 2. Blue colored cells contain instructions, headers, or summary calculations and should not be modified. Only blank white cells should be populated. 3. Enter detailed support for the project costs identified for each Category line item within each worksheet tab to autopopulate the summary tab. 4. The total budget presented on tabs a. through i. must include both Federal (DOE) and Non-Federal (cost match) portions. 5. All costs incurred by the preparer's sub-recipients, vendors, and Federal Research and Development Centers (FFRDCs), should be entered only in section f. Contractual. All other sections are for the costs of the preparer only. 6. Ensure all entered costs are allowable, allocable, and reasonable in accordance with the administrative requirements prescribed in 2 CFR 200, and the applicable cost principles for each entity type: FAR Part 31 for For-Profit entities; and 2 CFR Part 200 Subpart E - Cost Principles for all other non-federal entities. 7. Add rows as needed throughout tabs a. through i. If rows are added, formulas/calculations may need to be adjusted by the preparer. Do not add rows to the Instructions and Summary tab. 8. ALL application period cost categories are rounded to the nearest dollar. BURDEN DISCLOSURE STATEMENT Public reporting burden for this collection of information is estimated to average 3 hours per response, including the time for reviewing instructions, searching existing data sources, gathering and maintaining the data needed, and completing and reviewing the collection of information. Send comments regarding this burden estimate or any other aspect of this collection of information, including suggestions for reducing this burden, to Office of Information Resources Management Policy, Plans, and Oversight, AD-241-2 - GTN, Paperwork Reduction Project (1910-5162), U.S. Department of Energy, 1000 Independence Avenue, S.W., Washington, DC 20585; and to the Office of Management and Budget, Paperwork Reduction Project (1910-5162), Washington, DC 20503.
A8: SUMMARY OF BUDGET CATEGORY COSTS PROPOSED The values in this summary table are from entries made in subsequent tabs, only blank white cells require data entry
A9: Section A - Budget Summary
A10: Application Period | B10: Federal Share | C10: Cost Match | D10: Total Project Costs | E10: Cost Match % of Federal Share | F10: Proposed Application Period Dates
C11: 0 | D11: =C11+B11 -> 0 | E11: =IF(D11>0,C11/B11,0) -> 0 | F11: Example!!! 01/01/2014 - 12/31/2014
A12: Section B - Budget Categories
A13: CATEGORY | B13: Total Costs | C13: % of Project | D13: Comments (as needed)
A14: a. Personnel | B14: ='a. Personnel'!E33 -> 0 | C14: =IF(B14>0,B14/B$27,0) -> 0
A15: b. Fringe Benefits | B15: ='b. Fringe'!D12 -> 0 | C15: =IF(B15>0,B15/B$27,0) -> 0
A16: c. Travel | B16: ='c. Travel'!K11 -> 0 | C16: =IF(B16>0,B16/B$27,0) -> 0
A17: d. Equipment | B17: ='d. Equipment'!E17 -> 0 | C17: =IF(B17>0,B17/B$27,0) -> 0
A18: e. Supplies | B18: ='e. Supplies'!E17 -> 0 | C18: =IF(B18>0,B18/B$27,0) -> 0
A19: f. Contractual
A20: Sub-recipient | B20: ='f. Contractual'!D12 -> 0 | C20: =IF(B20>0,B20/B$27,0) -> 0
A21: Vendor | B21: ='f. Contractual'!D20 -> 0 | C21: =IF(B21>0,B21/B$27,0) -> 0
A22: FFRDC | B22: ='f. Contractual'!D24 -> 0 | C22: =IF(B22>0,B22/B$27,0) -> 0
A23: Total Contractual | B23: ='f. Contractual'!D25 -> 0 | C23: =IF(B23>0,B23/B$27,0) -> 0
A24: g. Other Direct Costs | B24: ='g. Other'!C13 -> 0 | C24: =IF(B24>0,B24/B$27,0) -> 0
A25: Total Direct Costs | B25: =B14+B15+B16+B17+B18+B23+B24 -> 0 | C25: =IF(B25>0,B25/B$27,0) -> 0
A26: h. Indirect Charges | B26: ='h. Indirect'!B15 -> 0 | C26: =IF(B26>0,B26/B$27,0) -> 0
A27: Total Costs | B27: =B25+B26 -> 0 | C27: =C25+C26 -> 0
A28: Additional Explanation (as needed):

Sheet a. Personnel
A1: Detailed Budget Justification
A2: a. Personnel
A3: INSTRUCTIONS - PLEASE READ!!! 1. List project costs solely for personnel of the entity completing this form. All personnel costs for subrecipients and vendors must be included under f. Contractual. 2. All personnel should be identified by position title and not by name. Enter the amount of time (i.e., hours) and the base pay rate (i.e., dollars per hour) and the Total Direct Personnel Cost will automatically calculate. Rate basis (e.g., actual salary, labor distribution report, state civil service rates, etc.) must also be identified. 3. If loaded labor rates are utilized, a description of the costs the loaded rate is comprised of must be included in the Additional Explanation section below. DOE must review all components of the loaded labor rate for reasonableness and unallowable costs (e.g. fee or profit). 4. If a position and hours are attributed to multiple personnel (e.g. Technician working 4000 hours) the number of personnel for that position title must be identified. 5. The total cost for each application period is rounded to the nearest dollar.
A5: Task # | B5: Position Title | C5: Application Period | F5: Rate Basis
C6: Time (Hrs) | D6: Pay Rate ($/Hr) | E6: Total ($)
A7: 1 | B7: Sr. Engineer (EXAMPLE!!!) | C7: 2000 | D7: 85 | E7: =C7*D7 -> 170000 | F7: Actual Salary
A8: 2 | B8: Technicians (2) | C8: 4000 | D8: 20 | E8: =C8*D8 -> 80000 | F8: Actual Salary
E9: =C9*D9 -> 0
E10: =C10*D10 -> 0
E11: =C11*D11 -> 0
E12: =C12*D12 -> 0
E13: =C13*D13 -> 0
E14: =C14*D14 -> 0
E15: =C15*D15 -> 0
E16: =C16*D16 -> 0
E17: =C17*D17 -> 0
E18: =C18*D18 -> 0
E19: =C19*D19 -> 0
E20: =C20*D20 -> 0
... E32: =C32*D32 -> 0
B33: Total Direct Personnel Cost | C33: =SUM(C9:C32) -> 0 | E33: =ROUND(SUM(E9:E32),0) -> 0
A34: Additional Explanation (as needed):

Sheet b. Fringe
A1: Detailed Budget Justification
A2: b. Fringe Benefits
A3: INSTRUCTIONS - PLEASE READ!!! 1. Fill out the table below by position title or labor type. If all personnel receive the same fringe benefits, you can show "Total Personnel" in the Labor Type column instead of listing out all position titles. 2. The rates and how they are applied should not be averaged to get one fringe cost percentage. Complex calculations should be described/provided in the Additional Explanation section below. 3. The fringe benefit rates should be applied to all positions, regardless of whether those funds will be supported by Federal Share or Recipient Cost Match. 4. Each budget period is rounded to the nearest dollar.
A4: Labor Type | B4: Application Period
B5: Personnel Costs | C5: Rate | D5: Total
A6: EXAMPLE!!! Sr. Engineer | B6: 170000 | C6: 0.2 | D6: =B6*C6 -> 34000
D7: =C7*B7 -> 0
D8: =C8*B8 -> 0
D9: =C9*B9 -> 0
D10: =C10*B10 -> 0
D11: =C11*B11 -> 0
A12: Total: | B12: =ROUND(SUM(B7:B11),0) -> 0 | D12: =ROUND(SUM(D7:D11),0) -> 0
A13: A federally approved fringe benefit rate agreement, or a proposed rate supported and agreed upon by DOE for estimating purposes is required at the time of award negotiation if reimbursement for fringe benefits is requested. Please check (X) one of the options below and provide the requested information if not previously submitted.
A14: ______ A fringe benefit rate has been negotiated with, or approved by, a federal government agency. A copy of the latest rate agreement is/was included with the project application.* ______ There is not a current federally approved rate agreement negotiated and available.** *Unless the organization has submitted an indirect rate proposal which encompasses the fringe pool of costs, please provide the organization’s benefit package and/or a list of the components/elements that comprise the fringe pool and the cost or percentage of each component/element allocated to the labor costs identified in the Budget Justification. **When this option is checked, the entity preparing this form shall submit an indirect rate proposal in the format provided in the Sample Rate Proposal at http://www1.eere.energy.gov/financing/resources.html, or a format that provides the same level of information and which will support the rates being proposed for use in the performance of the proposed project.
A18: Additional Explanation (as needed): Please use this box (or an attachment) to list the elements that comprise your fringe benefits and how they are applied to your base (e.g. Personnel) to arrive at your fringe benefit rate.

Sheet c. Travel
A1: Detailed Budget Justification
A2: c. Travel
A3: INSTRUCTIONS - PLEASE READ!!! 1. Examples of Purpose of Travel are subrecipient site visits, DOE meetings, project management meetings, etc. Examples of Basis for Estimating Costs are past trips, travel quotes, General Services Administration (GSA) rates, etc. 2. All listed travel must be necessary for performance of the project. 3. Federal travel regulations are contained within the applicable cost principles for all entity types. Travel costs should remain consistent with travel costs incurred by an organization during normal business operations as a result of the organizations written travel policy. In absence of a written travel policy, organizations must follow the regulations prescribed by the GSA. 4. The total cost for each application period is rounded to the nearest dollar.
A4: Task # | B4: Purpose of Travel | C4: Depart From | D4: Destination | E4: No. of Days | F4: No. of Travelers | G4: Lodging per Traveler | H4: Flight per Traveler | I4: Vehicle per Traveler | J4: Per Diem Per Traveler | K4: Cost per Trip | L4: Basis for Estimating Costs
B5: Domestic Travel | C5: Application Period
A6: 1 | B6: EXAMPLE!!! Visit to PV manufacturer | E6: 2 | F6: 2 | G6: 250 | H6: 500 | I6: 100 | J6: 160 | K6: =SUM(G6:J6)*F6 -> 2020 | L6: Current GSA rates
K7: =SUM(G7:J7)*F7 -> 0
K8: =SUM(G8:J8)*F8 -> 0
K9: =SUM(G9:J9)*F9 -> 0
K10: =SUM(G10:J10)*F10 -> 0
B11: Total Cost | K11: =ROUND(SUM(K7:K10),0) -> 0
A12: Additional Explanation (as needed):

Sheet d. Equipment
A1: Detailed Budget Justification
A2: d. Equipment
A3: INSTRUCTIONS - PLEASE READ!!! 1. Equipment means tangible personal property (including information technology systems) having a useful life of more than one year and a per-unit acquisition cost which equals or exceeds the lesser of the capitalization level established by the non-Federal entity for financial statement purposes, or $10,000. Please refer to the applicable Federal regulations in 2 CFR 200 for specific equipment definitions and treatment. 2. List all equipment below, providing a basis of cost (e.g. vendor quotes, catalog prices, prior invoices, engineering estimates, historical pricing, etc.) and attaching information where possible. If it is existing equipment, provide logical support for the estimated value shown. 3. During award negotiations, provide a vendor quote for all equipment items over $50,000 in price. If the vendor quote is not an exact price match, provide an explanation in the additional explanation section below. If a vendor quote is not practical, such as for a piece of equipment that is purpose-built, first of its kind, or otherwise not available off the shelf, provide a detailed engineering estimate for how the cost estimate was derived. 4. The total cost for each application period is rounded to the nearest dollar.
A4: Task # | B4: Equipment Item | C4: Qty | D4: Unit Cost | E4: Total Cost | F4: Basis of Cost | G4: Justification of Need
A5: Application Period
A6: 3,4,5 | B6: EXAMPLE!!! Thermal shock chamber | C6: 2 | D6: 70000 | E6: =C6*D6 -> 140000 | F6: Vendor Quote - Attached | G6: Reliability testing of PV modules- Task 4.3
E7: =C7*D7 -> 0
E8: =C8*D8 -> 0
E9: =C9*D9 -> 0
E10: =C10*D10 -> 0
E11: =C11*D11 -> 0
E12: =C12*D12 -> 0
E13: =C13*D13 -> 0
E14: =C14*D14 -> 0
E15: =C15*D15 -> 0
E16: =C16*D16 -> 0
B17: Total | E17: =ROUND(SUM(E7:E16),0) -> 0
A18: Additional Explanation (as needed):

Sheet e. Supplies
A1: Detailed Budget Justification
A2: e. Supplies
A3: INSTRUCTIONS - PLEASE READ!!! 1. Supplies are generally defined as an item with an acquisition cost of $10,000 or less and a useful life expectancy of less than one year. Supplies are generally consumed during the project performance. Please refer to the applicable Federal regulations in 2 CFR 200 for specific supplies definitions and treatment. A computing device is a supply if the acquisition cost is less than the lesser of the capitalization level established by the non-Federal entity for financial statement purposes or $10,000, regardless of the length of its useful life. 2. List all proposed supplies below, providing a basis of costs (e.g. vendor quotes, catalog prices, prior invoices, engineering estimates, historical pricing, etc). Note that supply items must be direct costs to the project at this budget category, and not duplicative of supply costs included in the indirect pool that is the basis of the indirect rate applied for this project. 3. Multiple supply items valued at $10,000 or less used to assemble an equipment item with a value greater than $10,000 with a useful life of more than one year should be included on the equipment tab. If supply items and costs are ambiguous in nature, contact your DOE representative for proper categorization. 4. The total cost for each application period is rounded to the nearest dollar.
A4: Task # | B4: General Category of Supplies | C4: Qty | D4: Unit Cost | E4: Total Cost | F4: Basis of Cost | G4: Justification of Need
A5: Application Period
A6: 4,6 | B6: EXAMPLE!!! Wireless DAS components | C6: 10 | D6: 360 | E6: 3600 | F6: Catalog price | G6: For Alpha prototype - Task 2.4
E7: =C7*D7 -> 0
E8: =C8*D8 -> 0
E9: =C9*D9 -> 0
E10: =C10*D10 -> 0
E11: =C11*D11 -> 0
E12: =C12*D12 -> 0
E13: =C13*D13 -> 0
E14: =C14*D14 -> 0
E15: =C15*D15 -> 0
E16: =C16*D16 -> 0
B17: Total | E17: =ROUND(SUM(E7:E16),0) -> 0
A18: Additional Explanation (as needed):

Sheet f. Contractual
A1: Detailed Budget Justification
A2: f. Contractual
A3: INSTRUCTIONS - PLEASE READ!!! 1. The entity completing this form must provide all costs related to subrecipients, vendors, and FFRDC partners in the applicable boxes below. 2. Subrecipients (partners, sub-awardees): Subrecipients shall submit a Budget Justification describing all project costs and calculations. The budget justification is required for all resilience projects and when their total proposed subaward budget exceeds $500,000. These subrecipient forms may be completed by either the subrecipients themselves or by the preparer of this form. The budget totals on the subrecipient's forms must match the subrecipient entries below. A subrecipient is a legal entity to which a subaward is made, who has performance measured against whether the objectives of the Federal program are met, is responsible for programmatic decision making, must adhere to applicable Federal program compliance requirements, and uses the Federal funds to carry out a program of the organization. All characteristics may not be present and judgment must be used to determine subrecipient vs. vendor status. 3. Vendors (including contractors): List all vendors and contractors supplying commercial supplies or services used to support the project. For each vendor cost with total project costs of $500,000 or more, a basis of cost (e.g. vendor quotes, prior invoices, engineering estimates, historical pricing, etc) must be provided. A vendor is a legal entity contracted to provide goods and services within normal business operations, provide similar goods or services to many different purchasers, operate in a competitive environment, provide goods or services that are ancillary to the operation of the Federal program, and is not subject to compliance requirements of the Federal program. All characteristics may not be present and judgment must be used to determine subrecipient vs. vendor status. 4. Federal Funded Research and Development Centers (FFRDCs): FFRDCs must submit a signed Field Work Proposal during award application. The award recipient may allow the FFRDC to provide this information directly to DOE, however project costs must also be provided below. 5. The total cost for each application period is rounded to the nearest dollar.
A4: Task # | B4: Sub-Recipient Name/Organization | C4: Purpose and Basis of Cost | D4: Total
A5: 2,4 | B5: EXAMPLE!!! XYZ Corp. | C5: Partner to develop optimal lens for Gen 2 product. Cost estimate based on personnel hours. | D5: 275000
C12: Sub-total | D12: =ROUND(SUM(D6:D11),0) -> 0
A13: Task # | B13: Vendor Name/Organization | C13: Purpose and Basis of Cost | D13: Project Total
A14: 6 | B14: EXAMPLE!!! ABC Corp. | C14: Vendor for developing robotics to perform lens inspection. Estimate provided by vendor. | D14: 100000
C20: Sub-total | D20: =ROUND(SUM(D15:D19),0) -> 0
A21: Task # | B21: FFRDC Name/Organization | C21: Purpose and Basis of Cost | D21: Project Total
C24: Sub-total | D24: =ROUND(SUM(D22:D23),0) -> 0
B25: Total Contractual | D25: =ROUND(SUM(D20+D24+D12),0) -> 0
A26: Additional Explanation (as needed):

Sheet g. Other
A1: Detailed Budget Justification
A2: h. Other Direct Costs
A3: INSTRUCTIONS - PLEASE READ!!! 1. Other direct costs are direct cost items required for the project which do not fit clearly into other categories. These direct costs must not be included in the indirect costs (for which the indirect rate is being applied for this project). Examples: tuition, printing costs, etc. which can be directly charged to the project and are not duplicated in indirect costs (overhead costs). 2. Basis of cost are items such as vendor quotes, prior purchases of similar or like items, published price list, etc. 3. The total cost for each application period is rounded to the nearest dollar.
A4: Task # | B4: General Description and SOPO Task # | C4: Cost | D4: Basis of Cost | E4: Justification of need
A5: Application Period
A6: 5 | B6: EXAMPLE!!! Grad student tuition - tasks 1-3 | C6: 16000 | D6: Established UCD costs | E6: Support of graduate students working on project
B13: Total | C13: =ROUND(SUM(C7:C12),0) -> 0
A14: Additional Explanation (as needed):

Sheet h. Indirect
A1: Detailed Budget Justification
A2: i. Indirect Costs
A3: INSTRUCTIONS - PLEASE READ!!! 1. Fill out the table below to indicate how your indirect costs are calculated. Use the box below to provide additional explanation regarding your indirect rate calculation. 2. The rates and how they are applied should not be averaged to get one indirect cost percentage. Complex calculations or rates that do not do not correspond to the below categories should be described/provided in the Additional Explanation section below. If questions exist, consult with DOE before filling out this section. 3. The indirect rate should be applied to both the Federal Share and Recipient Cost Match. 4. NOTE: A Recipient who elects to employ the 15% de minimis Indirect Cost rate cannot claim resulting costs as a Cost Match contribution, nor can the Recipient claim "unrecovered indirect costs" as a Cost Match contribution. Neither of these costs can be reflected as actual indirect cost rates realized by the organization, and therefore are not verifiable in the Recipient records as required by Federal Regulation (§200.306(b)(1)). 5. Each application period is rounded to the nearest dollar.
B4: Application Period | C4: Explanation of BASE
A5: Provide ONLY Applicable Rates:
A6: Overhead Rate | B6: 0
A7: General & Administrative (G&A) | B7: 0
A8: FCCM Rate, if applicable | B8: 0
A9: OTHER Indirect Rate | B9: 0
A10: Indirect Costs (As Applicable):
A11: Overhead Costs
A12: G&A Costs
A13: FCCM Costs, if applicable
A14: OTHER Indirect Costs
A15: Total indirect costs requested: | B15: =ROUND(SUM(B11:B14),0) -> 0
A16: A federally approved indirect rate agreement, or rate proposed (supported and agreed upon by DOE for estimating purposes) is required if reimbursement of indirect costs is requested. Please check (X) one of the options below and provide the requested information if it has not already been provided as requested, or has changed.
A17: ______ An indirect rate has been approved or negotiated with a federal government agency. A copy of the latest rate agreement is included with this application, and will be provided electronically to the Contracting Officer for this project. ______ There is not a current, federally approved rate agreement negotiated and available*. *When this option is checked, the entity preparing this form shall submit an indirect rate proposal in the format provided by your DOE contact, or a format that provides the same level of information and which will support the rates being proposed for use in performance of the proposed project. Additionally, any non-Federal entity that has never received a negotiated indirect cost rate, except for those non-Federal entities described in Appendix VII to Part 200—States and Local Government and Indian Tribe Indirect Cost Proposals, paragraph D.1.b, may elect to charge a de minimis rate of 15% of modified total direct costs (MTDC) which may be used indefinitely. As described in §200.403 Factors affecting allowability of costs, costs must be consistently charged as either indirect or direct costs, but may not be double charged or inconsistently charged as both. If chosen, this methodology once elected must be used consistently for all Federal awards until such time as a non-Federal entity chooses to negotiate for a rate, which the non-Federal entity may apply to do at any time.
A18: You must provide an explanation (below or in a separate attachment) and show how your indirect cost rate was applied to this budget in order to come up with the indirect costs shown.
A19: Additional Explanation (as needed): *IMPORTANT: Please use this box (or an attachment) to further explain how your total indirect costs were calculated. If the total indirect costs are a cumulative amount of more than one calculation or rate application, the explanation and calculations should identify all rates used, along with the base they were applied to (and how the base was derived), and a total for each (along with grand total).

Sheet i. Cost Match
A1: Detailed Budget Justification
A2: Cost Match
A3: PLEASE READ!!! 1. A detailed presentation of the cash or cash value of all cost match proposed must be provided in the table below. All items in the chart below must be identified within the applicable cost category tabs a. through g. in addition to the detailed presentation of the cash or cash value of all cost match proposed provided in the table below. Identify the source organization & amount of each cost match item proposed in the award. 2. Cash Cost Match - encompasses all contributions to the project made by the recipient, subrecipient, or third party (an entity that does not have a role in performing the scope of work) for costs incurred and paid for during the project. This includes when an organization pays for personnel, supplies, equipment, etc. for their own company with organizational resources. If the item or service is reimbursed for, it is cash cost match. All cost match items must be necessary to the performance of the project. Vendors may not provide cost match. Any partial donation of goods or services is considered a discount and is not allowable. 3. In Kind Cost Match - encompasses all contributions to the project made by the recipient, subrecipient, or third party (an entity that does not have a role in performing the scope of work) where a value of the contribution can be readily determined, verified and justified but where no actual cash is transacted in securing the good or service comprising the contribution. In Kind cost match items include volunteer personnel hours, the donation of space or use of equipment, etc. The cash value and calculations thereof for all In Kind cost match items must be justified and explained in the Cost Match Item section below. All cost match items must be necessary to the performance of the project. If questions exist, consult with DOE before filling out In Kind cost match in this section. Vendors may not provide cost match. Any partial donation of goods or services is considered a discount and is not allowable. 4. Funds from other Federal sources MAY NOT be counted as cost match. This prohibition includes FFRDC sub-recipients. Non-Federal sources include any source not originally derived from Federal funds. Cost matching commitment letters from subrecipients and third parties must be provided with the original application. 5. Fee or profit, including foregone fee or profit, are not allowable as project costs (including cost match) under any resulting award. The project may only incur those costs that are allowable and allocable to the project (including cost match) as determined in accordance with the applicable cost principles prescribed in FAR Part 31 for For-Profit entities and 2 CFR Part 200 Subpart E - Cost Principles for all other non-federal entities. 6. NOTE: A Recipient who elects to employ the 15% de minimis Indirect Cost rate cannot claim the resulting indirect costs as a Cost Match contribution. 7. NOTE: A Recipient cannot claim "unrecovered indirect costs" as a Cost Match contribution, without prior approval. 8. Each application period is rounded to the nearest dollar.
A4: Organization/Source | B4: Type (Cash or In Kind) | C4: Cost Match Item | D4: Total Project Cost Match
A5: ABC Company EXAMPLE!!! | B5: Cash | C5: Project partner ABC Company will provide 20 PV modules for product development at the price of $680 per module | D5: 13600
C16: Total Cost Match | D16: =ROUND(SUM(D6:D15),0) -> 0
A17: Total Federal Share of Project Costs: | C17: Cost Match Percent of Federal Share: | D17: =IF(B17>0,D16/B17,0) -> 0
A18: Additional Explanation (as needed):

Sheet j. Cost Match Budget Cat.
A1: Cost Match Budget Categories
A2: PLEASE READ!!! 1. A detailed breakdown of the cash or cash value of all cost match proposed must be provided in the table below. All items in the chart below must be identified within the applicable cost category tabs a. through h. Identify the source organization & amount of each cost match item proposed in the award. 2. The total cost match noted in tab i.Cost Match should be accounted for in the table below. 3. Please do not delete the list of categories.
A3: Organization/Source | B3: Type (Cash or In Kind) | C3: Cost Match Description | D3: Cost Match Budget Category | E3: Total Project Cost Match
A4: ABC Company EXAMPLE!!! | B4: Cash | C4: Project partner ABC Company will provide 20 PV modules for product development at the price of $680 per module | D4: Personnel | E4: 13600
D5: Personnel
D6: Fringe
D7: Travel
D8: Equipment
D9: Supplies
D10: Contractual
D11: Other
D12: Indirect
C13: Total Cost Match | E13: =SUM(E5:E12) -> 0
A14: Additional Explanation (as needed):
